 Dungeon Crawl Stone Soup version 0.31-a0-986-g5e6e4ef867 (webtiles) character file.

Game seed: 16690383803734820905

340 LeprechaunX the Changeling (level 6, -3/42 HPs)
             Began as an Octopode Shapeshifter on Nov 21, 2023.
             Slain by a bullfrog (7 damage)
             ... in a sewer.
             The game lasted 00:03:24 (2983 turns).

LeprechaunX the Changeling (Octopode Shapeshifter)  Turns: 2983, Time: 00:03:24

Health: -3/42      AC:  1    Str: 13    XL:     6   Next: 56%
Magic:  6/6        EV: 13    Int: 12    God:
Gold:   132        SH:  0    Dex: 14    Spells: 5/5 levels left

rFire   . .          .
                       - Unarmed
rCold   . . .        (no shield)
rNeg    . . .        (helmet currently unavailable)
rPois   .            (no amulet)
rElec   .            (no ring)
rCorr   .            (no ring)
SInv    .            (no ring)
Will    .....        (no ring)
Stlth   +++          (no ring)
HPRegen 0.27/turn    (no ring)
MPRegen 0.10/turn    (no ring)
                     (no ring)

%: no passive effects
@: beast-form
A: beast (slay +2), almost no armour, amphibious, 8 rings, camouflage 1,
gelatinous body 1, nimble swimmer 1, tentacles
a: Begin Untransformation


You were in a sewer.
You were a hulking beast.
You visited 1 branch of the dungeon, and saw 4 of its levels.
You also visited: Sewer.

You collected 132 gold pieces.

Inventory:

Hand Weapons
 a - a +0 sling
Jewellery
 o - a ring of ice
Talismans
 b - a beast talisman
 c - a flux talisman
Wands
 q - a wand of flame (8) (quivered)
Scrolls
 d - a scroll of poison {unknown}
 f - a scroll of noise {unknown}
 h - 5 scrolls of identify {unknown}
 k - a scroll of enchant weapon {unknown}
 m - a scroll of torment {unknown}
 n - a scroll of immolation {unknown}
 p - 2 scrolls of vulnerability {unknown}
 s - a scroll of revelation {unknown}
Potions
 e - 2 potions of heal wounds {unknown}
 g - 2 potions of attraction {unknown}
 i - 3 potions of enlightenment {unknown}
 j - a potion of ambrosia {unknown}
 l - a potion of mutation {unknown}
 r - a potion of brilliance {unknown}
 t - a potion of lignification


   Skills:
 + Level 3.0 Fighting
 - Level 2.0 Dodging
 + Level 4.2 Unarmed Combat
 + Level 2.1 Evocations
 * Level 4.9 Shapeshifting


You had 5 spell levels left.
You didn't know any spells.
Your spell library contained the following spells:

 Spells                   Type           Power      Damage    Failure   Level
 Apportation              Tloc           0%         N/A       32%         1
 Freeze                   Ice            0%         1d3       32%         1
 Necrotise                Necr           0%         1d4       32%         1
 Summon Small Mammal      Summ           0%         N/A       32%         1
 Frozen Ramparts          Ice            0%         1d1       69%         3
 Hailstorm                Conj/Ice       0%         3d3       69%         3


Dungeon Overview and Level Annotations

Branches:
Dungeon (4/15)              Sewer (1/1)
 Temple: D:4-7

Altars:
Sif Muna
Xom


Innate Abilities, Weirdness & Mutations

You are a hulking beast.
Your limbs bulge with bestial killing power. (Slay +2)
You cannot wear most types of armour.
You are amphibious.
You can wear up to eight rings at the same time.
Your skin changes colour to match your surroundings (Stealth+).
Your rubbery body absorbs attacks. (AC +1, EV +1)
You are camouflaged when in or above water. (Stealth+)
You have tentacles for arms and can constrict up to eight enemies at once.


Message History

Found a scroll labelled TEXTYCR OMPAE and 19 gold pieces.
A bullfrog comes into view.
Found an ebony war axe, 7 stones and a bloodstained sling.
The bullfrog croaks.
Found a green potion.
A frilled lizard comes into view.
The bullfrog closely misses you.
The bullfrog croaks.
You tentacle-slap the bullfrog. Your grab misses the bullfrog.
The bullfrog is moderately wounded.
You hear an angry hiss.
The bullfrog barely misses you. The bullfrog hits you.
A ball python comes into view.
You barely miss the bullfrog. Your grab misses the bullfrog.
You squeeze the bullfrog!
The bullfrog is almost dead.
The bullfrog hits you! x2
You are too injured to fight recklessly!
You are too injured to fight recklessly!
You are too injured to fight recklessly!
You are too injured to fight recklessly!
You are too injured to fight recklessly!
You are too injured to fight recklessly!
You are too injured to fight recklessly!
You are too injured to fight recklessly!
You are too injured to fight recklessly!
You are too injured to fight recklessly!
You are too injured to fight recklessly!
You are too injured to fight recklessly!
You are too injured to fight recklessly!
You are too injured to fight recklessly!
You are too injured to fight recklessly!
You are too injured to fight recklessly!
Unknown command.
The bullfrog attacks as it pursues you! The bullfrog hits you!
* * * LOW HITPOINT WARNING * * *
The bullfrog attacks as it pursues you! The bullfrog hits you!
* * * LOW HITPOINT WARNING * * *
The bullfrog hits you!
You die...

.~~~~.~~~~.......#
~~~~~~~~~~~~~~~~.#
≈≈≈≈≈≈≈≈≈≈≈≈≈≈≈~.#
~~~~~~~≈≈≈≈≈~≈~~~#
..~~~~≈≈≈≈≈~.~~~~#
~~~~≈~≈≈########~#
≈≈≈≈≈≈~≈≈## #.#
≈≈≈≈S~≈≈≈≈# #~#
≈≈≈≈~≈≈≈h≈## #~#
≈≈≈~≈≈BFF≈≈# #~#
≈≈~~≈~~.∩~≈# #†#
~≈.~.....≈≈# #~#
~≈~~~~..≈≈≈≈# #.#
# ≈≈.~~~l≈≈≈≈≈#
#.# #
≈≈≈~~$?≈≈≈≈≈# #.#
# ≈≈≈~)().≈≈≈≈#
#.# # ≈≈≈~!.~≈≈≈≈#
#.#


You could see 2 bullfrogs, a giant cockroach, a ball python and a frilled
lizard.

Vanquished Creatures
  An ogre (D:4)
  3 hounds
  6 adders
  A river rat (D:4)
  A dart slug (D:1)
  8 bats
  12 endoplasms
  15 giant cockroaches
  6 goblins
  10 hobgoblins
  2 kobolds (D:2)
  6 quokkas
  4 ball pythons
  8 frilled lizards
  10 rats
93 creatures vanquished.

Notes
Turn   | Place    | Note
-------+----------+-------------------------------------------
     0 | D:1      | LeprechaunX the Octopode Shapeshifter began the quest for
                  | the Orb.
     0 | D:1      | Reached XP level 1. HP: 13/13 MP: 1/1
   108 | D:1      | Reached XP level 2. HP: 18/18 MP: 2/2
   782 | D:1      | Reached XP level 3. HP: 23/23 MP: 3/3
  1406 | D:2      | Found a shimmering blue altar of Sif Muna.
  1429 | D:2      | Reached XP level 4. HP: 29/29 MP: 4/4
  2062 | D:3      | Found a shimmering altar of Xom.
  2065 | D:3      | Found a shimmering altar of Xom.
  2065 | D:3      | Found a shimmering altar of Xom.
  2066 | D:3      | Found a shimmering altar of Xom.
  2068 | D:3      | Found a shimmering altar of Xom.
  2084 | D:3      | Found a shimmering altar of Xom.
  2084 | D:3      | Found a shimmering altar of Xom.
  2236 | D:3      | Reached XP level 5. HP: 24/35 MP: 5/5
  2508 | D:4      | Reached skill level 1 in Evocations
  2681 | D:4      | Noticed an ogre
  2692 | D:4      | Killed an ogre
  2693 | D:4      | Reached XP level 6. HP: 20/41 MP: 6/6
  2777 | D:4      | Found a glowing drain.
  2804 | Sewer    | Entered a sewer
  2983 | Sewer    | Slain by a bullfrog

Illustrated notes

Levels and vault maps discovered:
D:1:      dreamdust_arrival_beginning_and_end, layout_basic, roderic_lattice_a,
          chequers_serial_rivers_micro_c, kennysheep_nondescript,
          chequers_serial_rivers_large_b, minmay_quantized
D:2:      layout_loops_ring, basic_altar, kennysheep_cluttered_room,
          columned_hall_lemuel, kennysheep_generic_room_14
D:3:      layout_basic, nicolae_xom_altar_mimics, grunt_ministairs_15,
          serial_bayou_ford_a
D:4:      layout_layer_cave, zin_treasury, portal_sewer_entry_b, uniq_menkaure
Sewer:    sewer_frog_island_01

Skill      XL: |  1  2  3  4  5  6 |
---------------+-------------------+-----
Fighting       | 2 3 |  3.0
Shapeshifting  | 4 |  4.9
Evocations     | 1 2 |  2.1
Unarmed Combat | 4 |  4.2
Dodging        | |  2.0

Action                     |  1- 3 |  4- 6 || total
---------------------------+-------+-------++-------
  Melee: Unarmed           |    63 |   108 ||   171
         Constrict         |    14 |    29 ||    43
         Tentacles         |    10 |    21 ||    31
         Punch             |     2 |     2 ||     4
   Fire: Sling             |       |     3 ||     3
   Stab: Sleeping          |     7 |    10 ||    17
         Distracted        |       |     1 ||     1
 Armour: Skin              |    26 |    37 ||    63
  Dodge: Dodged            |    25 |    46 ||    71

Table legend: (Time is in decaauts)
 A = Elapsed time spent in this place.
 B = Non-inter-level travel time spent in this place.
 C = Inter-level travel time spent in this place.
 D = Time resting spent in this place.
 E = Time spent auto-exploring this place.
 F = Levels seen in this place.
 G = Mean time per level.
                   A        B        C        D        E       F      G
               +--------+--------+--------+--------+--------+-----+--------+
         Total |   2971 |   2912 |     59 |      0 |   2284 |   5 |  594.2 |
       Dungeon |   2795 |   2736 |     59 |      0 |   2177 |   4 |  698.8 |
         Sewer |    176 |    176 |      0 |      0 |    107 |   1 |  176.0 |
               +--------+--------+--------+--------+--------+-----+--------+

Top non-repeatable levels by time:
     D:1: 1094 daAuts
     D:2: 718 daAuts
     D:3: 681 daAuts
     D:4: 300 daAuts
   Sewer: 176 daAuts
